 Dungeon Crawl Stone Soup version 5.5-19-gbfab8aa (webtiles) character file.

487 aciddrop the Chopper (level 8, -1/78 HPs)
             Began as a Troll Torpor Knight on May 3, 2018.
             Was a High Priest of Cheibriados.
             Slain by an orc warrior
             ... wielding a +0 trident
              (7 damage)
             ... on level 6 of the Dungeon.
             The game lasted 00:12:17 (4299 turns).

aciddrop the Chopper (Troll Torpor Knight)          Turns: 4299, Time: 00:12:17

Health: -1/78      AC:  8 (0%)Str: 34   XL:     8   Next: 34%
Magic:  13/13      EV: 16    Int: 19    God:    Cheibriados [5*[124]]
Gold:   324        SH:  0    Dex: 25    Spells: 13/13 levels left

rFire    . . .     SeeInvis .   h - +4 war axe
rCold    . . .     Faith    .   (no shield)
rNeg     . . .     Spirit   .   b - +2 robe {ponderous}
rPois    .         Reflect  .   (helmet restricted)
rElec    .                      m - +0 cloak
rCorr    .                      (gloves unavailable)
MR       .....                  (boots unavailable)
Stlth    +++.......             (no amulet)
Regen    0.7/turn               d - +5 ring of dexterity
MPRegen  0.2/turn               k - +3 ring of evasion

@: very slow
A: unfitting armour, claws 1, regeneration 1, tough skin 3
a: Bend Time, Temporal Distortion, Slouch, Step From Time, Renounce Religion


You were on level 6 of the Dungeon.
You worshipped Cheibriados.
Cheibriados was extremely pleased with you.
You were not hungry.

You visited 1 branch of the dungeon, and saw 6 of its levels.

You collected 324 gold pieces.

Inventory:

Hand Weapons
 h - a +4 war axe (weapon)
Missiles
 l - 5 poisoned darts (quivered)
 q - 66 javelins
Armour
 b - a +2 robe of ponderousness (worn)
 m - a +0 cloak (worn)
 n - a +0 pair of gloves
Jewellery
 d - a +5 ring of dexterity (left claw)
 e - a +5 ring of dexterity
 g - an uncursed ring of fire
 k - a +3 ring of evasion (right claw)
Wands
 v - a wand of polymorph (5)
Scrolls
 a - a scroll of fear
 f - 3 scrolls of teleportation
 j - 2 scrolls of fog
 r - a scroll of silence
 s - a scroll of magic mapping
Potions
 c - 3 potions of flight
 i - a potion of mutation
 o - a potion of cancellation
 p - a potion of invisibility
 t - a potion of heal wounds
 u - a potion of magic


   Skills:
 + Level 3.7 Fighting
 + Level 6.3 Axes
 + Level 4.4 Dodging
 + Level 2.0 Stealth
 + Level 1.5 Invocations


You had 13 spell levels left.
You didn't know any spells.

Dungeon Overview and Level Annotations

Branches:
Dungeon (6/15)

Altars:
Dithmenos
Elyvilon
Gozag
Jiyva
Kikubaaqudgha
Makhleb
Nemelex Xobeh
Okawaru
Qazlal
Ru
Sif Muna
Trog
Uskayaw
Vehumet
Wu Jian
Xom
Yredelemnul
Zin
The Shining One


Innate Abilities, Weirdness & Mutations

You are too large for most types of armour.
You have sharp fingernails.
Your natural rate of healing is unusually fast.
You have extremely tough skin. (AC +3)


Message History

The orc warrior hits you but does no damage.
You hit the orc warrior (5).
The orc warrior is heavily wounded.
The orc warrior closely misses you.
You closely miss the orc warrior.
The orc warrior is heavily wounded.
The orc warrior hits you with a +0 trident (10)!
You hit the orc warrior (1).
The orc warrior is severely wounded.
The orc warrior hits you with a +0 trident (10)!
* * * LOW HITPOINT WARNING * * *
You slash the orc warrior (7)!
The orc warrior is almost dead.
The orc warrior hits you with a +0 trident (17)!
* * * LOW HITPOINT WARNING * * *
You completely miss the orc warrior.
The orc warrior is almost dead.
The orc warrior misses you.
The orc warrior hits you with a +0 trident (7)!
You die...

#### ####### ...#
#........ .#.##
#.........
###....
#......... #....#
#.........
####.o..#
#.........
#...#@###
#.........
#...)...#
..........
###.#...#
..........
#....####
........####....#
##.####.#...#.###
##.####.#.......#
#.#
##....#.###.#...#
#.#
.#....#.#....####
#.#


You could see an orc warrior.

Vanquished Creatures
  4 ice beasts
  3 bullfrogs
  2 scorpions
  2 howler monkeys
  A jelly (D:5)
  A centaur skeleton (D:5)
  A gnoll shaman (D:4)
  A wasp zombie (D:5)
  A hound (D:4)
  Crazy Yiuf (D:3)
  An orc priest (D:5)
  6 worker ants
  A hound skeleton (D:4)
  A howler monkey zombie (D:6)
  7 gnolls
  5 adders
  An ooze (D:1)
  3 dart slugs
  11 orcs
  A quokka (D:2)
  5 giant cockroaches
  2 goblins
  3 hobgoblins
  4 jackals
  16 kobolds
  13 bats
  8 frilled lizards
  5 rats
110 creatures vanquished.

Notes
Turn   | Place    | Note
-------+----------+-------------------------------------------
     0 | D:1      | aciddrop the Troll Torpor Knight began the quest for the Orb.
     0 | D:1      | Reached XP level 1. HP: 19/19 MP: 1/1
   113 | D:1      | Reached XP level 2. HP: 28/28 MP: 2/2
   987 | D:2      | Reached ** piety under Cheibriados
  1046 | D:2      | Reached XP level 3. HP: 35/35 MP: 4/4
  1247 | D:2      | Found an opulent altar of Gozag.
  1349 | D:2      | Reached skill level 3 in Axes
  1408 | D:2      | Found a sacrificial altar of Ru.
  1634 | D:3      | Reached *** piety under Cheibriados
  1634 | D:3      | Reached XP level 4. HP: 23/42 MP: 6/6
  1769 | D:3      | Found a runed door.
  1773 | D:3      | Noticed Crazy Yiuf
  1779 | D:3      | Killed Crazy Yiuf
  1899 | D:3      | Reached XP level 5. HP: 38/50 MP: 7/7
  2094 | D:3      | HP: 2/50 [poisoned by a kobold]
  2098 | D:3      | Found a faded altar of an unknown god.
  2102 | D:3      | Reached **** piety under Cheibriados
  2268 | D:3      | Found a shadowy altar of Dithmenos.
  2268 | D:3      | Found a glowing golden altar of the Shining One.
  2461 | D:4      | Reached skill level 4 in Axes
  2476 | D:4      | Reached XP level 6. HP: 49/59 MP: 9/9
  2515 | D:4      | Found a deep blue altar of Sif Muna.
  2608 | D:4      | Found a stormy altar of Qazlal.
  2686 | D:4      | Reached skill level 1 in Stealth
  2809 | D:4      | Found a shimmering altar of Xom.
  2809 | D:4      | Found a basalt altar of Yredelemnul.
  2809 | D:4      | Found an ornate altar of the Wu Jian Council.
  2809 | D:4      | Found an ancient bone altar of Kikubaaqudgha.
  2809 | D:4      | Found a white marble altar of Elyvilon.
  2809 | D:4      | Found a hide-covered altar of Uskayaw.
  2809 | D:4      | Found a viscous altar of Jiyva.
  2809 | D:4      | Found a burning altar of Makhleb.
  2847 | D:4      | Found a radiant altar of Vehumet.
  3107 | D:5      | Entered Level 5 of the Dungeon
  3107 | D:5      | Noticed an ice beast
  3112 | D:5      | Killed an ice beast
  3112 | D:5      | Reached XP level 7. HP: 67/67 MP: 11/11
  3158 | D:5      | Reached skill level 5 in Axes
  3411 | D:5      | HP: 3/67 [gnoll/+2 trident of flaming (5)]
  3785 | D:6      | Reached XP level 8. HP: 75/75 MP: 13/13
  3857 | D:6      | Found an iron altar of Okawaru.
  3941 | D:6      | Reached ***** piety under Cheibriados
  3941 | D:6      | Reached skill level 6 in Axes
  3949 | D:6      | Found a bloodstained altar of Trog.
  4051 | D:6      | Found a sparkling altar of Nemelex Xobeh.
  4121 | D:6      | Found a glowing silver altar of Zin.
  4205 | D:6      | Found a sparkling altar of Nemelex Xobeh.
  4299 | D:6      | Slain by an orc warrior

Skill      XL: |  1  2  3  4  5  6  7  8 |
---------------+-------------------------+-----
Dodging        | 2 3 4 |  4.4
Fighting       | 2 3 |  3.7
Axes           | 3 4 5 6 |  6.3
Stealth        | 1 2 |  2.0
Invocations    | |  1.5

Action                   |  1- 3 |  4- 6 |  7- 9 || total
-------------------------+-------+-------+-------++-------
Melee: Hand axe          |    60 |       |       ||    60
       War axe           |    32 |   104 |    99 ||   235
  Use: Scroll            |     3 |     3 |       ||     6
       Potion            |       |     1 |     1 ||     2
 Stab: Sleeping          |     6 |     5 |     2 ||    13
Armor: Robe              |    88 |    39 |    30 ||   157
Dodge: Dodged            |   106 |   126 |   107 ||   339
